 Dungeon Crawl Stone Soup version 0.29-a0-82-g837932c90e (webtiles) character file.

Game seed: 13304312657762423249

102 testman the Magician (level 5, 0/39 HPs)
             Began as a Djinni Wanderer on Feb 4, 2022.
             Slain by a goblin (3 damage)
             ... on level 3 of the Dungeon.
             The game lasted 00:07:24 (2342 turns).

testman the Magician (Djinni Wanderer)              Turns: 2342, Time: 00:07:26

Health: 0/39       AC:  2    Str: 10    XL:     5   Next: 6%
Gold:   103        EV: 11    Int: 18    God:
                   SH:  4    Dex: 11

rFire   + + .      SeeInvis .   a - +0 dagger
rCold   x . .      Faith    .   c - +0 buckler
rNeg    . . .      Spirit   .   b - +0 robe
rPois   ∞          Reflect  .   (no helmet)
rElec   .          Harm     .   (no cloak)
rCorr   .          Rampage  .   (no gloves)
Will    .....                   (boots unavailable)
Stlth   +.........              (no amulet)
HPRegen 0.13/turn               (no ring)
MPRegen 0.00/turn               (no ring)

@: flying
A: sickness immunity, fire resistance 2, cold vulnerability 1, float, innate
caster, HP casting, extra vitality 1
a: no special abilities


You were on level 3 of the Dungeon.
You visited 1 branch of the dungeon, and saw 3 of its levels.

You collected 103 gold pieces.

Inventory:

Hand Weapons
 a - a +0 dagger (weapon)
Missiles
 d - 32 stones
Armour
 b - a +0 robe (worn)
 c - a +0 buckler (worn)
Scrolls
 f - a scroll of vulnerability {unknown}
 g - a scroll of noise {unknown}
 h - 3 scrolls of identify {unknown}
 k - a scroll of fear {unknown}
 m - a scroll of silence {unknown}
Potions
 e - a potion of might {unknown}
 i - a potion of attraction {unknown}
 j - a potion of flight {unknown}
 l - a potion of magic {unknown}


   Skills:
 + Level 2.5 Fighting
 - Level 1.0 Armour
 - Level 2.1 Dodging
 - Level 1.0 Stealth
 + Level 2.6 Shields
 + Level 3.1 Spellcasting


You couldn't memorise any spells.
You knew the following spells:

 Your Spells              Type           Power      Damage    Failure   Level
a - Apportation           Tloc           28%        N/A       6%          1
b - Portal Projectile     Hex/Tloc       28%        N/A       19%         3
c - Teleport Other        Tloc           14%        N/A       19%         3
d - Stone Arrow           Conj/Erth      28%        3d8       19%         3
e - Sandblast             Erth           28%        2d8       6%          1
f - Slow                  Hex            56%        N/A       6%          1
g - Wereblood             Tmut           14%        N/A       9%          2

Your spell library contained the following spells:

 Spells                   Type           Power      Damage    Failure   Level


Dungeon Overview and Level Annotations

Branches:
Dungeon (3/15)

Altars:
Xom


Innate Abilities, Weirdness & Mutations

You are immune to sickness and miasma.
You are immune to poison.
Your flesh is very heat resistant. (rF++)
You are vulnerable to cold. (rC-)
You float through the air rather than walking.
You learn spells naturally, not from books.
Your magical power is your life essence.
You have superior vitality. (+4 MHP)


Message History

You have reached level 5!
The power to cast Wereblood wells up from within.
Spell assigned to 'g'.
Aiming: Sandblast (safe; 6% risk of failure)
Press: ? - help, Q - select action, (/) - cycle Shift-Dir - straight line, f - endoplasm
Aim: an endoplasm (98% to hit)
The blast of sand hits the endoplasm.
The endoplasm is severely wounded.
The endoplasm freezes you.
You are frozen.
You feel a terrible chill!
You hit the endoplasm.
The endoplasm is severely wounded.
The endoplasm misses you.
You hit the endoplasm but do no damage.
The endoplasm is severely wounded.
The endoplasm freezes you.
You are frozen.
You feel a terrible chill!
* * * LOW HITPOINT WARNING * * *
Aiming: Sandblast (safe; 6% risk of failure)
Press: ? - help, Q - select action, (/) - cycle Shift-Dir - straight line, f/p - endoplasm
Aim: an endoplasm (severely wounded, 98% to hit)
The blast of sand hits the endoplasm.
The endoplasm is almost dead.
* * * LOW HITPOINT WARNING * * *
The endoplasm freezes you.
You are frozen.
You feel a terrible chill!
* * * LOW HITPOINT WARNING * * *
You hit the endoplasm but do no damage.
The endoplasm is almost dead.
The endoplasm hits you.
* * * LOW HITPOINT WARNING * * *
You hit the endoplasm.
You kill the endoplasm!
Aiming: Sandblast (safe; 6% risk of failure)
Press: ? - help, Q - select action, (/) - cycle Shift-Dir - straight line, f - goblin
Aim: a goblin, wielding a +0 club (74% to hit)
The blast of sand misses the goblin.
* * * LOW HITPOINT WARNING * * *
The goblin hits you with a +0 club.
You die...

........ .........# ...
........ .........####....
......## #.. #............#
.†......#####.# #.............
......#......<###.............
..............................#
..........#...##...........##..
....#####........###.......#...
#########.###...@####..........
###.......# ####.g†..#..##.....
....####### #####...........
.#### #........... ##
#........... #...........
####........ ##......$ #......


You could see a goblin.

Vanquished Creatures
  An iguana (D:3)
  3 adders (D:2)
  5 bats
  4 endoplasms
  4 giant cockroaches
  6 goblins
  5 hobgoblins
  2 jackals (D:2)
  4 kobolds
  2 quokkas (D:2)
  3 ball pythons (D:1)
  3 frilled lizards
  4 rats
46 creatures vanquished.

Notes
Turn   | Place    | Note
-------+----------+-------------------------------------------
     0 | D:1      | testman the Djinni Wanderer began the quest for the Orb.
     0 | D:1      | Reached XP level 1. HP: 17/17 MP: 0/0
   311 | D:1      | Reached XP level 2. HP: 8/22 MP: 0/0
   940 | D:1      | Reached XP level 3. HP: 18/28 MP: 0/0
   940 | D:1      | Learned a level 1 spell: Slow
  1338 | D:2      | Found a shimmering altar of Xom.
  1630 | D:2      | Reached XP level 4. HP: 32/33 MP: 0/0
  2103 | D:2      | Reached skill level 3 in Spellcasting
  2248 | D:3      | Found a faded altar of an unknown god.
  2335 | D:3      | Reached XP level 5. HP: 18/39 MP: 0/0
  2335 | D:3      | Learned a level 2 spell: Wereblood
  2342 | D:3      | Slain by a goblin

Illustrated notes

Levels and vault maps discovered:
D:1:      dpeg_arrival_fog, layout_rooms, st_stairs_5, minmay_tree_intersection,
          minmay_indecisive_spiral
D:2:      layout_rooms, basic_altar
D:3:      layout_rooms, hellmonk_ecumenical_altar_heavens_door, uniq_terence,
          uniq_ijyb

Skill      XL: |  1  2  3  4 |
---------------+-------------+-----
Shields        | 2 |  2.6
Fighting       | 2 |  2.5
Spellcasting   | 3 |  3.1
Armour         | |  1.0
Dodging        | |  2.1
Stealth        | |  1.0

Action                   |  1- 3 |  4- 6 || total
-------------------------+-------+-------++-------
Melee: Dagger            |    73 |    51 ||   124
 Cast: Sandblast         |    21 |    18 ||    39
       Slow              |     1 |       ||     1
 Stab: Sleeping          |     2 |       ||     2
Armor: Robe              |    13 |    13 ||    26
Dodge: Dodged            |    35 |    31 ||    66
Block: Buckler           |    14 |     9 ||    23

Table legend: (Time is in decaauts)
 A = Elapsed time spent in this place.
 B = Non-inter-level travel time spent in this place.
 C = Inter-level travel time spent in this place.
 D = Time resting spent in this place.
 E = Time spent auto-exploring this place.
 F = Levels seen in this place.
 G = Mean time per level.
                   A        B        C        D        E       F      G
               +--------+--------+--------+--------+--------+-----+--------+
         Total |   2346 |   2307 |     39 |    768 |   1151 |   3 |  782.0 |
       Dungeon |   2346 |   2307 |     39 |    768 |   1151 |   3 |  782.0 |
               +--------+--------+--------+--------+--------+-----+--------+

Top non-repeatable levels by time:
     D:1: 1282 daAuts
     D:2: 847 daAuts
     D:3: 216 daAuts
